 Dungeon Crawl Stone Soup version 0.28-a0-821-g923ab73998 (webtiles) character file.

Game seed: 15496273270262098635

147 Decritt the Sneak (level 5, -5/24 HPs)
             Began as a Spriggan Enchanter on Nov 9, 2021.
             Slain by a lemure (8 damage)
             ... led by Pikel
             ... on level 4 of the Dungeon.
             The game lasted 00:29:43 (6294 turns).

Decritt the Sneak (Spriggan Enchanter)              Turns: 6294, Time: 00:29:43

Health: -5/24      AC:  2    Str:  4    XL:     5   Next: 8%
Magic:  10/10      EV: 18    Int: 22    God:
Gold:   97         SH:  0    Dex: 17    Spells: 5/10 levels left

rFire   . . .      SeeInvis +   u - +2 short sword (venom)
rCold   . . .      Faith    .   (shield restricted)
rNeg    . . .      Spirit   .   b - +0 robe
rPois   .          Reflect  .   (helmet restricted)
rElec   .          Harm     .   (no cloak)
rCorr   .          Rampage  .   (gloves unavailable)
Will    .....                   (boots unavailable)
Stlth   +++.......              (no amulet)
HPRegen 0.08/turn               s - +6 ring of intelligence
MPRegen 0.12/turn               (no ring)

@: very quick
A: very small, no large weapons, unfitting armour, see invisible, speed 3
a: no special abilities


You were on level 4 of the Dungeon.
You visited 1 branch of the dungeon, and saw 4 of its levels.

You collected 97 gold pieces.

Inventory:

Hand Weapons
 a - a +1 dagger
 u - a +2 short sword of venom (weapon)
Missiles
 o - 20 sling bullets
Armour
 b - a +0 robe (worn)
Jewellery
 s - a +6 ring of intelligence (left hand)
Scrolls
 d - a scroll of immolation {unknown}
 e - a scroll of enchant weapon {unknown}
 f - 3 scrolls of identify {unknown}
 g - a scroll of teleportation
 h - 2 scrolls of blinking
 j - a scroll of amnesia {unknown}
 k - a scroll of silence
 m - a scroll of magic mapping
 p - a scroll of torment {unknown}
 t - a scroll of holy word {unknown}
Potions
 c - a potion of invisibility
 i - a potion of degeneration {unknown}
 l - a potion of brilliance {unknown}
 n - a potion of heal wounds {unknown}
 q - a potion of attraction {unknown}
 r - a potion of cancellation {unknown}


   Skills:
 + Level 2.7 Short Blades
 + Level 4.1 Dodging
 + Level 5.7 Stealth
 - Level 3.0 Spellcasting
 + Level 4.6 Hexes


You had 5 spell levels left.
You knew the following spells:

 Your Spells              Type           Power      Damage    Failure   Level
a - Confusing Touch       Hex            23%        N/A       5%          3
b - Ensorcelled Hibernat  Hex/Ice        26%        N/A       8%          2

Your spell library contained the following spells:

 Spells                   Type           Power      Damage    Failure   Level
 Slow                     Hex            92%        N/A       1%          1
 Tukima's Dance           Hex            23%        N/A       5%          3
 Summon Small Mammal      Summ           12%        N/A       12%         1
 Dazzling Flash           Conj/Hex       26%        N/A       14%         3
 Portal Projectile        Hex/Tloc       26%        N/A       14%         3
 Summon Guardian Golem    Hex/Summ       13%        N/A       14%         3
 Call Canine Familiar     Summ           3%         N/A       36%         3
 Yara's Violent Unravell  Hex/Tmut       6%         3d5       80%         5
 Blade Hands              Tmut           1%         N/A       98%         5
 Excruciating Wounds      Necr           1%         N/A       98%         5


Dungeon Overview and Level Annotations

Branches:
Dungeon (4/15)
 Temple: D:4-7

Altars:
Zin

Shops:
D:2 *

Annotations:
D:4 Dowan, Duvessa, Grinder, Pikel, Sigmund


Innate Abilities, Weirdness & Mutations

You are very small and have problems with some larger weapons.
You are too small for most types of armour.
You have supernaturally acute eyesight. (SInv)
You cover ground extremely quickly. (Speed+++)


Message History

There is a stone staircase leading up here.
A kobold comes into view. It is wielding a +0 short sword.
Found a glowing silver altar of Zin.
The kobold shouts!
You hit the kobold.
The kobold is poisoned.
The kobold is heavily wounded.
You kill the kobold!
Things that are here:
a +0 short sword; a kobold corpse You pick up a book of Callings and begin reading...
You add the spells Summon Small Mammal, Call Canine Familiar and Summon Guardian Golem to your library.
There is an open door here.
There is a glowing silver altar of Zin here.
There is an open door here.
Duvessa, Sister of Dowan comes into view.
She is wielding a +2 rapier of protection.
An adder skeleton comes into view.
An orc comes into view. It is wielding a +0 trident.
Duvessa shouts!
You hear a shout! x3
Dowan, Brother of Duvessa comes into view.
He is wielding a +0 dagger.
An orc comes into view. It is wielding a +0 dagger.
The orc shouts!
You hear a shout!
Dowan says, "My weaknesses are her strengths!"
Things that are here:
a +0 short sword; a kobold corpse
There is a stone staircase leading up here.
You climb upwards.
There is a stone staircase leading down here.
There is a stone staircase leading down here.
You climb downwards.
Level annotation: Dowan, Duvessa, Grinder, Sigmund
There is a stone staircase leading up here.
Sigmund shouts!
Pikel shouts!
The lemure shouts! x2
You hit the lemure.
The lemure is poisoned.
The lemure is lightly wounded.
Pikel zaps a wand.
The puff of flame hits you! The lemure closely misses you.
The lemure hits you but does no damage.
Pikel zaps a wand.
The puff of flame hits you!
* * * LOW HITPOINT WARNING * * *
The lemure hits you!
You die...

.......5. ....... #.#
#....# #.# #....# #.#
#######.# #.#
........# #####[#
#######5# .....# ##.##
#..########
####.@.#####..........
#...555K.....#########
#.##..@###############
#.###................#
#.# ################.#
#.# #... #.# #.#.. #.#
##.#. #.# ##.#


You could see Pikel, Sigmund and 4 lemures.

Vanquished Creatures
  2 jellies
  An orc wizard (D:3)
  A dart slug (D:3)
  3 orcs (D:3)
  8 ball pythons
  3 endoplasms
  4 goblins
  7 hobgoblins
  6 kobolds
  3 quokkas
  6 bats
  4 frilled lizards
  8 rats
56 creatures vanquished.

Notes
Turn   | Place    | Note
-------+----------+-------------------------------------------
     0 | D:1      | Decritt the Spriggan Enchanter began the quest for the Orb.
     0 | D:1      | Reached XP level 1. HP: 9/9 MP: 5/5
   765 | D:1      | Reached XP level 2. HP: 13/13 MP: 6/6
  1153 | D:1      | Found a faded altar of an unknown god.
  1909 | D:2      | Reached XP level 3. HP: 16/16 MP: 8/8
  2130 | D:2      | Found Bedwe's General Store.
  2132 | D:2      | You fall into a shaft and drop 2 floors!
  2757 | D:3      | Learned a level 3 spell: Confusing Touch
  2775 | D:3      | Reached skill level 5 in Stealth
  3385 | D:3      | Reached XP level 4. HP: 21/21 MP: 9/9
  3471 | D:3      | Learned a level 2 spell: Ensorcelled Hibernation
  5103 | D:4      | Noticed a lemure
  5277 | D:4      | Noticed Grinder
  6072 | D:4      | Reached XP level 5. HP: 24/24 MP: 10/10
  6121 | D:4      | Noticed Sigmund
  6156 | D:4      | Found a glowing silver altar of Zin.
  6207 | D:4      | Noticed Duvessa
  6224 | D:4      | Noticed Dowan
  6292 | D:4      | Noticed Pikel
  6292 | D:4      | Noticed a lemure
  6292 | D:4      | Noticed a lemure
  6292 | D:4      | Noticed a lemure
  6294 | D:4      | Slain by a lemure

Illustrated notes

Levels and vault maps discovered:
D:1:      heliophobic_arrival_enchanted_forest, layout_basic,
          ebering_ecumenical_altar_ruins, roderic_roman_lattice
D:2:      layout_loops_ring, serial_shops, nicolae_square_shop, eino_curves_02,
          bh_walls_and_bars
D:3:      layout_rooms, minmay_between
D:4:      layout_loops_ring, zin_statuary, uniq_sigmund, uniq_pikel,
          uniq_duvessa, uniq_grinder

Skill      XL: |  1  2  3  4 |
---------------+-------------+-----
Dodging        | 3 4 |  4.1
Spellcasting   | 3 |  3.0
Hexes          | 4 |  4.6
Stealth        | 5 |  5.7
Short Blades   | 2 |  2.7

Action                   |  1- 3 |  4- 6 || total
-------------------------+-------+-------++-------
Melee: Dagger            |   125 |    53 ||   178
       Short sword       |       |     6 ||     6
 Cast: Ensorcelled Hiber |       |    16 ||    16
       Confusing Touch   |       |     7 ||     7
  Use: Scroll            |     4 |       ||     4
 Stab: Sleeping          |    14 |     8 ||    22
       Confused          |       |     2 ||     2
Armor: Robe              |    18 |     2 ||    20
Dodge: Dodged            |   104 |    38 ||   142

Table legend: (Time is in decaauts)
 A = Elapsed time spent in this place.
 B = Non-inter-level travel time spent in this place.
 C = Inter-level travel time spent in this place.
 D = Time resting spent in this place.
 E = Time spent auto-exploring this place.
 F = Levels seen in this place.
 G = Mean time per level.
                   A        B        C        D        E       F      G
               +--------+--------+--------+--------+--------+-----+--------+
         Total |   5055 |   4888 |    167 |   2625 |   1031 |   4 | 1263.8 |
       Dungeon |   5055 |   4888 |    167 |   2625 |   1031 |   4 | 1263.8 |
               +--------+--------+--------+--------+--------+-----+--------+

Top non-repeatable levels by time:
     D:2: 1808 daAuts
     D:3: 1613 daAuts
     D:1: 1464 daAuts
     D:4: 168 daAuts
